 Dungeon Crawl Stone Soup version 0.32-a0-41-gec2d92a32c (webtiles) character file.

Game seed: 4569673024666985336

511 pokeman the Magician (level 6, -2/35 HPs)
             Began as a Deep Elf Hedge Wizard on Jan 25, 2024.
             Slain by a river rat (5 damage)
             ... on level 5 of the Dungeon.
             The game lasted 00:08:55 (4373 turns).

pokeman the Magician (Deep Elf Hedge Wizard)        Turns: 4373, Time: 00:08:55

Health: -2/35      AC:  5    Str:  7    XL:     6   Next: 99%
Magic:  1/18       EV: 13    Int: 21    God:
Gold:   111        SH:  0    Dex: 14    Spells: 12/20 levels left

rFire   + . .        y - +2 flail (drain)
rCold   . . .        (no shield)
rNeg    . . .        p - +2 robe {rF+}
rPois   .            c - +0 hat
rElec   .            (no cloak)
rCorr   .            h - +0 pair of gloves
SInv    .            (no boots)
Will    .....        (no amulet)
Stlth   ++           (no ring)
HPRegen 0.25/turn    (no ring)
MPRegen 0.16/turn

%: no passive effects
@: no status effects
A: no striking features
a: no special abilities


You were on level 5 of the Dungeon.
You visited 1 branch of the dungeon, and saw 5 of its levels.

You collected 157 gold pieces.
You spent 46 gold pieces at shops.

Inventory:

Hand Weapons
 y - a +2 flail of draining (weapon)
Armour
 c - a +0 hat (worn)
 h - a +0 pair of gloves (worn)
 p - a +2 robe of fire resistance (worn)
Jewellery
 b - a ring of fire
 x - a ring of see invisible
Wands
 w - a wand of charming (11)
Scrolls
 g - a scroll of poison {unknown}
 k - a scroll of revelation {unknown}
 l - a scroll of fear {unknown}
 n - a scroll of silence {unknown}
 u - a scroll of amnesia {unknown}
 v - 2 scrolls of teleportation {unknown}
Potions
 d - a potion of magic
 e - 3 potions of curing {unknown}
 f - 3 potions of attraction {unknown}
 i - a potion of enlightenment {unknown}
 j - 2 potions of degeneration {unknown}
 m - a potion of resistance {unknown}
 o - a potion of cancellation {unknown}
 q - a potion of mutation {unknown}
 r - a potion of haste {unknown}
 s - a potion of might {unknown}
 t - a potion of lignification {unknown}


   Skills:
 + Level 1.9 Fighting
 - Level 1.0 Armour
 - Level 3.0 Dodging
 - Level 3.0 Stealth
 * Level 7.6 Spellcasting
 + Level 3.7 Conjurations
 - Level 1.1 Summonings
 - Level 1.1 Translocations
 - Level 1.0 Air Magic
 - Level 1.1 Alchemy
 - Level 1.0 Evocations


You had 12 spell levels left.
You knew the following spells:

 Your Spells              Type           Power      Damage    Failure   Level
a - Magic Dart            Conj           92%        1d7       1%          1
b - Mephitic Cloud        Conj/Alch/Air  16%        N/A       11%         3
c - Call Imp              Summ           24%        N/A       8%          2
d - Blink                 Tloc           24%        N/A       8%          2

Your spell library contained the following spells:

 Spells                   Type           Power      Damage    Failure   Level
 Slow                     Hex            32%        N/A       9%          1
 Cigotuvi's Dreadful Rot  Necr/Alch/Air  22%        N/A       10%         2


Dungeon Overview and Level Annotations

Branches:
Dungeon (5/15)
 Temple: D:4-7

Altars:
Elyvilon
Hepliaklqana
Xom
Zin

Shops:
D:3 *

Annotations:
D:3 Grinder
D:5 Coins behind grate


Message History

Confirm with . or Enter, or press ? or * to list all spells.
Aiming: Magic Dart (safe; 1% risk of failure)
Press: ? - help, Shift-Dir - straight line, f/p - phantom
Aim: a phantom (almost destroyed, 100% to hit)
The magic dart hits the phantom!
You destroy the phantom!
The river rat bites you.
* * * LOW HITPOINT WARNING * * *
Casting: Magic Dart (safe; 1% risk of failure)
Confirm with . or Enter, or press ? or * to list all spells.
You blink.
Unknown command.
Casting: Blink (safe; 8% risk of failure)
Confirm with . or Enter, or press ? or * to list all spells.
Aiming: Mephitic Cloud (quite dangerous; 11% risk of failure)
Press: ? - help, Shift-Dir - straight line, f - river rat
Aim: a river rat (chance to affect: 91%)
The ball explodes into a vile cloud!
The stinking cloud engulfs the river rat.
The river rat is engulfed in noxious fumes.
The river rat appears confused.
Unknown command.
The river rat is engulfed in noxious fumes.
The river rat appears confused.
Unknown command.
The river rat is engulfed in noxious fumes.
The river rat appears confused.
The river rat bites itself!
Unknown command.
The river rat is engulfed in noxious fumes.
The river rat appears confused.
Unknown command.
The river rat is engulfed in noxious fumes.
The river rat appears confused.
Unknown command.
You hit the river rat but do no damage.
The river rat is heavily wounded.
You feel ready to blink again.
The river rat is engulfed in noxious fumes.
The river rat bites you.
You die...

#.# ...#
#.#....
##.#....#
#.#####
##.........
#......
#..##....##
####### #.##
##### # #.# #
#.##########
#.#rĀ§rrr~~.#
#.@########~#
####


You could see 2 river rats, a quokka and a rat.

Vanquished Creatures
  A phantom (D:5)
  A hound (D:4)
  A jelly (D:5)
  Jessica (D:3)
  Ijyb (D:4)
  Terence (D:3)
  An iguana (D:4)
  4 orc wizards
  3 gnolls (D:4)
  4 adders
  A river rat (D:5)
  A dart slug (D:2)
  13 orcs
  5 ball pythons
  7 bats
  9 endoplasms
  4 giant cockroaches
  5 goblins
  5 hobgoblins
  3 jackals
  4 quokkas
  4 frilled lizards
  8 kobolds
  7 rats
  A spectral kobold (D:3)
95 creatures vanquished.

Notes
Turn   | Place    | Note
-------+----------+-------------------------------------------
     0 | D:1      | pokeman the Deep Elf Hedge Wizard began the quest for the
                  | Orb.
     0 | D:1      | Reached XP level 1. HP: 10/10 MP: 7/7
   229 | D:1      | Reached XP level 2. HP: 16/16 MP: 4/9
   654 | D:1      | Reached skill level 5 in Spellcasting
   838 | D:1      | Reached XP level 3. HP: 20/20 MP: 6/11
   851 | D:1      | Learned a level 3 spell: Mephitic Cloud
   854 | D:1      | Learned a level 2 spell: Call Imp
   857 | D:1      | Learned a level 2 spell: Blink
  1410 | D:2      | Reached skill level 1 in Fighting
  1993 | D:3      | Reached skill level 1 in Armour
  2043 | D:3      | Noticed Grinder
  2046 | D:3      | Noticed Jessica
  2073 | D:3      | Killed Jessica
  2074 | D:3      | Reached XP level 4. HP: 17/25 MP: 1/13
  2275 | D:3      | Found Peagi's Assorted Antiques.
  2292 | D:3      | Bought a glowing purple potion for 23 gold pieces
  2292 | D:3      | Bought a clear potion for 23 gold pieces
  2716 | D:3      | Noticed Terence
  2739 | D:3      | Killed Terence
  2740 | D:3      | Reached XP level 5. HP: 25/29 MP: 6/15
  2869 | D:3      | Found a hazy altar of Hepliaklqana.
  3063 | D:4      | Noticed Ijyb
  3091 | D:4      | Killed Ijyb
  3092 | D:4      | Reached skill level 6 in Spellcasting
  3428 | D:4      | Reached skill level 1 in Alchemy
  3518 | D:4      | Reached skill level 1 in Air Magic
  3663 | D:4      | Reached XP level 6. HP: 34/34 MP: 6/17
  3813 | D:4      | Found a white marble altar of Elyvilon.
  4161 | D:5      | Entered Level 5 of the Dungeon
  4181 | D:5      | Found a shimmering altar of Xom.
  4181 | D:5      | Noticed a sky beast
  4181 | D:5      | Noticed a fire bat
  4197 | D:5      | Found a glowing silver altar of Zin.
  4239 | D:5      | Reached skill level 1 in Evocations
  4278 | D:5      | Reached skill level 7 in Spellcasting
  4373 | D:5      | Slain by a river rat

Illustrated notes

Levels and vault maps discovered:
D:1:      noname_arrival_rooms_in_the_neighbourhood, layout_rooms,
          minmay_ruptured
D:2:      layout_rooms, interstate_on_off
D:3:      layout_rooms, nicolae_hepliaklqana_monster_ancestors, serial_shops,
          shop, minmay_tree_intersection, minmay_diced_spiral, uniq_terence,
          uniq_jessica, uniq_grinder
D:4:      layout_layer_cave, elyvilon_altar_5, uniq_ijyb
D:5:      layout_basic, pdpol_temple_overflow_zin_treasury_gozag_greed,
          regret_index_xom_of_box, marbit_many_paths, gup_sewer_entry_spiral,
          grunt_decor_junction, uniq_prince_ribbit1

Skill      XL: |  1  2  3  4  5  6 |
---------------+-------------------+-----
Spellcasting   | 5 6 7 |  7.6
Fighting       | 1 |  1.9
Conjurations   | 2 3 |  3.7
Armour         | 1 |  1.0
Dodging        | 3 |  3.0
Stealth        | 3 |  3.0
Alchemy        | 1 |  1.1
Air Magic      | 1 |  1.0
Evocations     | 1 |  1.0
Summonings     | |  1.1
Translocations | |  1.1

Action                     |  1- 3 |  4- 6 || total
---------------------------+-------+-------++-------
  Melee: Dagger            |     8 |    41 ||    49
         Flail             |       |    28 ||    28
   Cast: Magic Dart        |   130 |   128 ||   258
         Mephitic Cloud    |       |     9 ||     9
         Call Imp          |       |     1 ||     1
         Blink             |       |     1 ||     1
   Stab: Confused          |       |     7 ||     7
 Armour: Robe              |    13 |    59 ||    72
  Dodge: Dodged            |    21 |    58 ||    79

Table legend: (Time is in decaauts)
 A = Elapsed time spent in this place.
 B = Non-inter-level travel time spent in this place.
 C = Inter-level travel time spent in this place.
 D = Time resting spent in this place.
 E = Time spent auto-exploring this place.
 F = Levels seen in this place.
 G = Mean time per level.
                   A        B        C        D        E       F      G
               +--------+--------+--------+--------+--------+-----+--------+
         Total |   4382 |   4277 |    105 |     76 |   3431 |   5 |  876.4 |
       Dungeon |   4382 |   4277 |    105 |     76 |   3431 |   5 |  876.4 |
               +--------+--------+--------+--------+--------+-----+--------+

Top non-repeatable levels by time:
     D:1: 1319 daAuts
     D:4: 1171 daAuts
     D:3: 988 daAuts
     D:2: 681 daAuts
     D:5: 222 daAuts
